 Dungeon Crawl Stone Soup version 0.27-a0-1434-g6f15984924 (webtiles) character file.

Game seed: 6115624246000032700

1286 mandarbmax the Grappler (level 8, 0/75 HPs)
             Began as a Troll Berserker on July 3, 2021.
             Was a Priest of Trog.
             Slain by a gnoll sergeant (15 damage)
             ... on level 5 of the Dungeon.
             The game lasted 00:07:41 (3707 turns).

mandarbmax the Grappler (Troll Berserker)           Turns: 3707, Time: 00:07:42

Health: 0/75       AC:  6    Str: 26    XL:     8   Next: 30%
Magic:  7/7        EV:  7    Int:  3    God:    Trog [***...]
Gold:   24         SH:  7    Dex: 11    Spells: 7/7 levels left

rFire    + . .     SeeInvis .     - Unarmed
rCold    . . .     Faith    .   c - +0 kite shield
rNeg     . . .     Spirit   .   p - +1 robe {rF+}
rPois    .         Reflect  .   (helmet restricted)
rElec    .         Harm     .   y - +0 cloak
rCorr    .         Rampage  .   (gloves unavailable)
Will     .....                  (boots unavailable)
Stlth    +.........             (no amulet)
HPRegen  1.22/turn              d - ring of flight
MPRegen  0.10/turn              (no ring)

@: lethally poisoned (0 -> 0), on berserk cooldown, flying, slowed, very slow
A: large, unfitting armour, claws 3, regeneration 1, shaggy fur 1, tough skin 1
a: Renounce Religion, Berserk, Trog's Hand


You were on level 5 of the Dungeon.
You worshipped Trog.
Trog was most pleased with you.
You visited 1 branch of the dungeon, and saw 5 of its levels.

You collected 210 gold pieces.
You spent 186 gold pieces at shops.

Inventory:

Missiles
 e - 6 curare-tipped darts
 f - 22 poisoned darts
 u - 2 boomerangs (quivered)
Armour
 c - a +0 kite shield (worn)
 p - a +1 robe of fire resistance (worn)
 y - a +0 cloak (worn)
Jewellery
 d - a ring of flight (left claw)
 x - a ring of ice
Wands
 i - a wand of paralysis (7)
 A - a wand of flame (20)
Scrolls
 a - 2 scrolls of teleportation
 g - a scroll of identify
 j - a scroll of noise {unknown}
 m - a scroll of enchant weapon {unknown}
 r - 2 scrolls of silence {unknown}
 t - 2 scrolls of fear {unknown}
 v - a scroll of enchant armour {unknown}
Potions
 b - a potion of might
 h - 2 potions of mutation {unknown}
 k - 2 potions of lignification {unknown}
 l - 2 potions of degeneration {unknown}
 n - a potion of resistance {unknown}
 o - a potion of ambrosia
 q - 2 potions of flight {unknown}
 s - 3 potions of heal wounds {unknown}
 w - a potion of attraction {unknown}
 z - a potion of invisibility {unknown}


   Skills:
 - Level 3.0 Fighting
 - Level 3.0 Dodging
 + Level 10.1 Unarmed Combat


You had 7 spell levels left.
You didn't know any spells.
Your spell library contained the following spells:

 Spells                   Type           Power      Damage    Failure   Level
 Animate Skeleton         Necr           0%         N/A       99%         1
 Apportation              Tloc           0%         N/A       99%         1
 Corona                   Hex            0%         N/A       99%         1
 Magic Dart               Conj           0%         1d3       99%         1
 Summon Small Mammal      Summ           0%         N/A       99%         1
 Call Imp                 Summ           0%         N/A       100%        2
 Ensorcelled Hibernation  Hex/Ice        0%         N/A       100%        2
 Mephitic Cloud           Conj/Pois/Air  0%         N/A       100%        3
 Spider Form              Tmut/Pois      0%         N/A       100%        3
 Conjure Ball Lightning   Conj/Air       0%         3x3d6     100%        6
 Shadow Creatures         Summ           N/A        N/A       100%        6
 Haunt                    Necr/Summ      0%         N/A       100%        7


Dungeon Overview and Level Annotations

Branches:
Dungeon (5/15)
 Temple: D:4-7

Altars:
Makhleb
Uskayaw
Vehumet
Wu Jian
Zin
The Shining One

Shops:
D:4 *


Innate Abilities, Weirdness & Mutations

You are too large for most types of armour.
You have claws for hands.
Your natural rate of healing is unusually fast.
You are covered in fur. (AC +1)
You have tough skin. (AC +1)


Message History

You kill the gnoll!
Trog accepts your kill.
The gnoll shouts!
You block the gnoll's attack.
You see here a +0 halberd.
You barely miss the gnoll. The gnoll barely misses you.
You mangle the gnoll!!
You kill the gnoll!
Trog accepts your kill.
The gnoll sergeant hits you from afar with a +3 trident of venom!
You are poisoned.
You feel very sick. The howler monkey zombie misses you.
You see here a +0 whip.
You closely miss the gnoll sergeant.
You feel very sick. You block the gnoll sergeant's attack.
You block the howler monkey zombie's attack.
The gnoll sergeant blocks your attack.
You are no longer berserk.
You are exhausted.
You feel yourself slow down.
You feel sick. The gnoll closely misses you. You block the gnoll's attack.
You mangle the gnoll sergeant!!
The gnoll sergeant is severely wounded.
You feel very sick.
The gnoll sergeant hits you with a +3 trident of venom!
The howler monkey zombie hits you. The gnoll barely misses you.
You block the gnoll's attack.
The howler monkey zombie barely misses you.
The gnoll sergeant hits you with a +3 trident of venom!
The gnoll hits you but does no damage.
You are too injured to fight recklessly!
You feel sick.
The gnoll sergeant hits you from afar with a +3 trident of venom.
* * * LOW HITPOINT WARNING * * *
The gnoll hits you with a +0 club.
* * * LOW HITPOINT WARNING * * *
The gnoll sergeant hits you from afar with a +3 trident of venom!
You die...

##### ..
.....# ..
......# .#
.......###.#
........#..
..>....g#.#
.....Z.g#.#
......g#@#
....####.#
### ##.#
#.## #.#
..### ##.#
#.....# #.##
.......##
##.#
........##
#..#


You could see a gnoll sergeant, a gnoll and a howler monkey zombie.

Vanquished Creatures
  Sigmund (D:3)
  A black bear (D:4)
  A necrophage (D:5)
  2 ogres
  A centaur (D:5)
  2 phantoms
  2 scorpions (D:5)
  A crimson imp (D:3)
  A hound (D:4)
  Jessica (D:3)
  2 orc wizards (D:4)
  Robin (D:4)
  6 gnolls
  3 adders
  2 worms
  3 dart slugs
  11 orcs (D:4)
  8 ball pythons
  8 endoplasms
  7 giant cockroaches
  15 goblins
  9 hobgoblins
  6 jackals
  3 quokkas
  8 bats
  3 frilled lizards
  3 kobolds
  7 rats
118 creatures vanquished.

Vanquished Creatures (collateral kills)
  An ogre (D:5)
  Blork the orc (D:5)
  A jelly (D:5)
  An iguana (D:5)
  A howler monkey zombie (D:5)
5 creatures vanquished.

Grand Total: 123 creatures vanquished

Notes
Turn   | Place    | Note
-------+----------+-------------------------------------------
     0 | D:1      | mandarbmax the Troll Berserker began the quest for the Orb.
     0 | D:1      | Reached XP level 1. HP: 22/22 MP: 0/0
   104 | D:1      | Reached XP level 2. HP: 24/29 MP: 1/1
   142 | D:1      | Found a faded altar of an unknown god.
   363 | D:1      | Reached XP level 3. HP: 32/36 MP: 2/2
   524 | D:1      | Reached ** piety under Trog
   643 | D:1      | Got the Handbook of the Escort and Confrontation
  1234 | D:2      | Reached skill level 4 in Unarmed Combat
  1234 | D:2      | Reached XP level 4. HP: 39/45 MP: 3/3
  1770 | D:3      | Noticed Sigmund
  1777 | D:3      | Killed Sigmund
  1778 | D:3      | Reached skill level 5 in Unarmed Combat
  1778 | D:3      | Reached XP level 5. HP: 42/53 MP: 4/4
  1995 | D:3      | Found a radiant altar of Vehumet.
  1996 | D:3      | Found a burning altar of Makhleb.
  2004 | D:3      | Reached skill level 6 in Unarmed Combat
  2004 | D:3      | Reached XP level 6. HP: 61/61 MP: 5/5
  2111 | D:3      | Found a glowing silver altar of Zin.
  2136 | D:3      | Found a hide-covered altar of Uskayaw.
  2136 | D:3      | Found an ornate altar of the Wu Jian Council.
  2216 | D:3      | Noticed Jessica
  2223 | D:3      | Killed Jessica
  2439 | D:3      | Found a glowing golden altar of the Shining One.
  2539 | D:4      | Reached *** piety under Trog
  2617 | D:4      | Reached skill level 7 in Unarmed Combat
  2689 | D:4      | Reached XP level 7. HP: 66/67 MP: 6/6
  2887 | D:4      | Reached skill level 8 in Unarmed Combat
  2889 | D:4      | Noticed Robin
  2897 | D:4      | Killed Robin
  3184 | D:4      | Found Jysuguidgh's Assorted Antiques.
  3193 | D:4      | Bought a ruby potion for 20 gold pieces
  3193 | D:4      | Bought a fuming emerald potion for 20 gold pieces
  3193 | D:4      | Bought a cloak for 103 gold pieces
  3193 | D:4      | Bought a scroll labelled HUF WOTIUWUT for 23 gold pieces
  3193 | D:4      | Bought a metallic blue potion for 20 gold pieces
  3527 | D:5      | Entered Level 5 of the Dungeon
  3534 | D:5      | Reached skill level 9 in Unarmed Combat
  3576 | D:5      | Reached **** piety under Trog
  3577 | D:5      | Reached XP level 8. HP: 43/75 MP: 7/7
  3585 | D:5      | Noticed Blork the orc
  3590 | D:5      | Killed Blork the orc
  3591 | D:5      | Reached skill level 10 in Unarmed Combat
  3707 | D:5      | Slain by a gnoll sergeant

Illustrated notes

Levels and vault maps discovered:
D:1:      wheals_arrival_linesprint, layout_rooms,
          hellmonk_ecumenical_altar_heavens_door
D:2:      layout_loops_corners, minmay_close_crescents
D:3:      layout_loops_ring, grunt_temple_overflow_lords_of_destruction,
          zin_statuary, nicolae_overflow_hidden_temple, uniq_jessica,
          uniq_sigmund
D:4:      layout_loops_corners, serial_shops, shop_statue,
          wad_floor_pattern_untrapped, hangedman_decor_push,
          hangedman_abyss_or_decor_passed, uniq_robin
D:5:      layout_cave_pods, uniq_blork_the_orc

Skill      XL: |  1  2  3  4  5  6  7  8 |
---------------+-------------------------+-----
Dodging        | 3 |  3.0
Fighting       | 3 |  3.0
Unarmed Combat | 4 5 6 7 9 10 | 10.1

Action                   |  1- 3 |  4- 6 |  7- 9 || total
-------------------------+-------+-------+-------++-------
Melee: Unarmed           |   113 |    59 |   101 ||   273
Throw: Dart              |       |    32 |    17 ||    49
       Boomerang         |       |       |     3 ||     3
Invok: Berserk           |       |     3 |     4 ||     7
       Trog's Hand       |       |       |     1 ||     1
       Brothers in Arms  |       |       |     1 ||     1
  Use: Scroll            |       |       |     4 ||     4
       Potion            |       |       |     1 ||     1
Armor: Animal skin       |    34 |     3 |       ||    37
       Robe              |       |    11 |    25 ||    36
Dodge: Dodged            |    35 |     8 |    31 ||    74
Block: Kite shield       |    25 |    15 |    39 ||    79

Table legend: (Time is in decaauts)
 A = Elapsed time spent in this place.
 B = Non-inter-level travel time spent in this place.
 C = Inter-level travel time spent in this place.
 D = Time resting spent in this place.
 E = Time spent auto-exploring this place.
 F = Levels seen in this place.
 G = Mean time per level.
                   A        B        C        D        E       F      G
               +--------+--------+--------+--------+--------+-----+--------+
         Total |   3830 |   3679 |    151 |    216 |   2764 |   5 |  766.0 |
       Dungeon |   3830 |   3679 |    151 |    216 |   2764 |   5 |  766.0 |
               +--------+--------+--------+--------+--------+-----+--------+

Top non-repeatable levels by time:
     D:4: 1112 daAuts
     D:2: 948 daAuts
     D:3: 870 daAuts
     D:1: 720 daAuts
     D:5: 177 daAuts
